 Dungeon Crawl Stone Soup version 0.31-a0-977-gc230f8ef24 (webtiles) character file.

Game seed: 13105516034189803945

30 Xavori the Trooper (level 3, -1/30 HPs)
             Began as a Djinni Chaos Knight on Oct 29, 2023.
             Was a Plaything of Xom.
             Slain by a black mamba (shapeshifter) (16 damage)
             ... on level 2 of the Dungeon.
             The game lasted 00:01:21 (2851 turns).

Xavori the Trooper (Djinni Chaos Knight)            Turns: 2851, Time: 00:01:21

Health: -1/30      AC:  5    Str: 11    XL:     3   Next: 35%
Gold:   100        EV: 11    Int: 13    God:    Xom [...*..] SH:  4 Dex: 14

rFire   + + +        a - +0 falchion (chaos)
rCold   x . .        d - +0 buckler
rNeg    . . .        b - +2 leather armour
rPois   ∞            (helmet restricted)
rElec   .            (no cloak)
rCorr   .            (no gloves)
SInv    .            (boots unavailable)
Will    +....        (no amulet)
Stlth   +            (no ring)
HPRegen 0.25/turn    (no ring)
MPRegen 0.00/turn

%: infuse magic (-2 HP)
@: flying
A: sickness immunity, fire resistance 3, cold vulnerability 1, float, innate
caster, HP casting, extra vitality 1, antennae 2, strong-willed 1, MP-powered
wands
a: Renounce Religion


You were on level 2 of the Dungeon.
You worshipped Xom.
You were a favourite toy of Xom.
You visited 1 branch of the dungeon, and saw 2 of its levels.

You collected 100 gold pieces.

Inventory:

Hand Weapons
 a - a +0 falchion of chaos (weapon)
Armour
 b - a +2 leather armour (worn)
 d - a +0 buckler (worn)
Scrolls
 c - a scroll of butterflies
 e - a scroll of enchant armour {unknown}
 g - a scroll of identify {unknown}


   Skills:
 + Level 3.2 Fighting
 + Level 2.9 Long Blades
 + Level 1.4 Armour
 + Level 2.5 Dodging
 + Level 0.1 Shields
 * Level 0.7 Spellcasting
 * Level 0.7 Conjurations
 * Level 0.7 Hexes
   Level 0.0 Charms
 * Level 0.7 Summonings
 * Level 0.7 Necromancy
 * Level 0.7 Translocations
 * Level 0.7 Transmutations
 * Level 0.7 Fire Magic
 * Level 0.7 Ice Magic
 * Level 0.7 Air Magic
 * Level 0.7 Earth Magic
 * Level 0.7 Poison Magic


You knew the following spells:

 Your Spells              Type           Power      Damage    Failure   Level
a - Necrotise             Necr           8%         1d4       41%         1
Your spell library was empty.

Dungeon Overview and Level Annotations

Branches:
Dungeon (2/15)

Altars:


Innate Abilities, Weirdness & Mutations

You are immune to sickness and miasma.
You are immune to poison.
Your flesh is almost immune to the effects of heat. (rF+++)
You are vulnerable to cold. (rC-)
You float through the air rather than walking.
You learn spells naturally, not from books.
Your magical power is your life essence.
You have superior vitality. (+4 MHP)
You have a pair of antennae on your head.
You are strong-willed. (Will+)
You expend health (3 HP) to strengthen your wands.


Message History

The human is lightly wounded.
The rat bites you but does no damage. The human barely misses you.
The rat bites you.
Unknown command.
You closely miss the human.
The human is lightly wounded.
The human closely misses you. The rat bites you but does no damage.
Unknown command.
You closely miss the human.
The human is lightly wounded.
The human hits you but does no damage. The rat bites you but does no damage.
You hit the human.
The human suddenly seems more resistant.
Xom is highly amused!
The human is moderately wounded.
The human hits you but does no damage. The rat bites you but does no damage.
The human hits you!
You barely miss the human.
The human is moderately wounded.
The rat bites you. The human hits you.
You are too injured to fight recklessly!
It was a potion of curing.
You feel better.
Xom roars with laughter!
The rat barely misses you. The human hits you!
You hit the human but do no damage.
The human is moderately wounded.
The rat misses you. You block the human's attack. The rat barely misses you.
You closely miss the human.
The human is moderately wounded.
The human changes into a black mamba!
The rat bites you but does no damage.
You barely miss the black mamba.
The black mamba is lightly wounded.
The black mamba bites you but does no damage.
The rat barely misses you.
You hit the black mamba but do no damage.
The black mamba is lightly wounded.
The black mamba bites you!
Ouch! That really hurt!
You die...
Xom titters!

.....##........##.....#.#.#######
#.....#.#####..##..#..#....#####
.....†..# #.#....#...........#
.>......# #.##.##...#....###.#
........# #.##.##..##.#.##
#.....#.#####.##.##..##.#.#
##...##.......##........#)#
##.####........S##..####.# #.#
.....###@##...# #.##### #.#
.......r.##.#.###.....# #.#
........##.......##### #.#
.#####$.####.###....# ....#
.#$:r#..# #.# ###### #####
.#(!?#..# #.# .#$)$#..# #.#
.#####..# #.# #.#


You could see a black mamba shaped shifter and 2 rats.

Vanquished Creatures
  A dart slug (D:1)
  An endoplasm (D:1)
  2 goblins (D:1)
  A hobgoblin (D:1)
  8 jackals (D:1)
  2 kobolds
  3 quokkas (D:1)
  2 ball pythons (D:1)
  2 bats (D:1)
  2 frilled lizards
24 creatures vanquished.

Notes
Turn   | Place    | Note
-------+----------+-------------------------------------------
     0 | D:1      | Xavori the Djinni Chaos Knight began the quest for the Orb.
     0 | D:1      | Reached XP level 1. HP: 20/20 MP: 0/0
    32 | D:1      | XOM: potion effect (berserk rage)
    67 | D:1      | Reached XP level 2. HP: 23/25 MP: 0/0
   221 | D:1      | Reached XP level 3. HP: 27/30 MP: 0/0
   221 | D:1      | Learned a level 1 spell: Necrotise
   271 | D:1      | XOM: smoke on damage
   296 | D:1      | HP: 1/30 [quokka (3)]
   990 | D:1      | XOM: silly message
  1418 | D:1      | XOM: silly message
  1559 | D:1      | XOM: silly message
  1822 | D:1      | XOM: silly message
  1915 | D:1      | XOM: cloud trail
  2103 | D:1      | XOM: god gift: 47 gold pieces
  2318 | D:1      | XOM: give mutations
  2318 | D:1      | Gained mutation: You have a pair of small antennae on your
                  | head. [Xom's grace]
  2318 | D:1      | Gained mutation: You are strong-willed. (Will+) [Xom's
                  | grace]
  2318 | D:1      | Gained mutation: Your flesh is almost immune to the effects
                  | of heat. (rF+++) [Xom's grace]
  2318 | D:1      | Gained mutation: You expend health (3 HP) to strengthen
                  | your wands. [Xom's grace]
  2516 | D:1      | XOM: give mutation
  2516 | D:1      | Gained mutation: You have a pair of antennae on your head.
                  | [Xom's mischief]
  2741 | D:1      | XOM: summons 2 hostile demons
  2771 | D:2      | XOM: 2-stop teleportation journey
  2837 | D:2      | a hobgoblin changed into a shapeshifter
  2837 | D:2      | Noticed a shapeshifter (shapeshifter)
  2837 | D:2      | XOM: polymorph hobgoblin -> shapeshifter
  2837 | D:2      | a shapeshifter changed into a blink frog
  2837 | D:2      | Noticed a blink frog (shapeshifter)
  2839 | D:2      | a blink frog changed into a human
  2839 | D:2      | Noticed a human (shapeshifter)
  2849 | D:2      | a human changed into a black mamba
  2849 | D:2      | Noticed a black mamba (shapeshifter)
  2851 | D:2      | Slain by a black mamba (shapeshifter)

Illustrated notes

Levels and vault maps discovered:
D:1:      wander_arrival_peaceful_grave, layout_rooms
D:2:      layout_loops_ring, chequers_ecumenical_altar_lobes, basic_altar,
          minivault_26, due_unseen_surprise

Action                     || total
---------------------------++-------
  Melee: Falchion          ||    99
    Use: Potion            ||     1
 Armour: Leather armour    ||   123
  Dodge: Dodged            ||   104
  Block: Buckler           ||    19

Table legend: (Time is in decaauts)
 A = Elapsed time spent in this place.
 B = Non-inter-level travel time spent in this place.
 C = Inter-level travel time spent in this place.
 D = Time resting spent in this place.
 E = Time spent auto-exploring this place.
 F = Levels seen in this place.
 G = Mean time per level.
                   A        B        C        D        E       F      G
               +--------+--------+--------+--------+--------+-----+--------+
         Total |   2879 |   2873 |      6 |   2372 |    285 |   2 | 1439.5 |
       Dungeon |   2879 |   2873 |      6 |   2372 |    285 |   2 | 1439.5 |
               +--------+--------+--------+--------+--------+-----+--------+

Top non-repeatable levels by time:
     D:1: 2765 daAuts
     D:2: 114 daAuts
